cohdb
Replays
Latest Replays
All Replays
Popular Replays
Top Player Replays
Match Explorer
How It Works
Community
CoH3 Stats
Reddit
Sign in to upload your games and track your stats! →
Sign in with Steam
Match 43219555
Unlisted
Match 43219555
Overview
Messages
Build Orders
End
Construct Barracks
Riflemen Squad
Riflemen Squad
Selects Advanced Infantry Battlegroup
Riflemen Squad
M1 Mortar Team
M1 Mortar Team
Selects Convert to Ranger Squad
Infantry Support Center
Grenade Package
M1918 Browning Automatic Rifles
Selects Frontline Medical Station
Convert to Ranger Squad
Advanced Logistics
Engineer Squad
Construct Weapon Support Center
Construct Medical Station
Convert to Ranger Squad
Improved M9 Bazooka Rockets
Convert to Ranger Squad
Selects Ranger Weapon Training
Ranger Squad
Selects Ammunition Storage
Ranger Squad
Dan Cooper
Arwootarch
Tiger One
KirelCD
bigcheese
DooWop
Drunk Penguin
jackliushanghai
0
0
Comments
sign in to comment!
No comments posted yet!